 Dungeon Crawl Stone Soup version 0.27.1-33-g824d729ab1 (webtiles) character file.

Game seed: 5916204206293108275

2484 zeram the Blocker (level 9, -10/76 HPs)
             Began as a Gargoyle Fighter on Dec 26, 2021.
             Was a Follower of Dithmenos.
             Mangled by Maggie (21 damage)
             ... on level 7 of the Dungeon.
             The game lasted 00:12:00 (8263 turns).

zeram the Blocker (Gargoyle Fighter)                Turns: 8263, Time: 00:12:01

Health: -10/76     AC: 24    Str: 32    XL:     9   Next: 52%
Magic:  9/9        EV:  2    Int: 12    God:    Dithmenos [*.....]
Gold:   356        SH: 14    Dex:  9    Spells: 8/8 levels left

rFire    + . .     SeeInvis .   i - +5 whip (elec)
rCold    + . .     Faith    .   c - +1 kite shield
rNeg     + + +     Spirit   .   (armour currently unavailable)
rPois    ∞         Reflect  .   (helmet currently unavailable)
rElec    +         Harm     .   (cloak currently unavailable)
rCorr    +         Rampage  .   (gloves currently unavailable)
Will     .....     NoTele   +   (boots currently unavailable)
Stlth    +.........             (no amulet)
HPRegen  0.22/turn              l - +6 ring of strength
MPRegen  0.11/turn              s - +6 ring of strength

@: tree-form, resistant, mesmerised, wreathed by umbra
A: stationary, stasis, torment immunity, boosted hp, sickness immunity, AC +6,
negative energy resistance 1, (electricity resistance), torment resistance 1,
petrification resistance
a: Renounce Religion


You were on level 7 of the Dungeon.
You worshipped Dithmenos.
Dithmenos was aware of your devotion.
You were a tree.
You visited 2 branches of the dungeon, and saw 8 of its levels.

You collected 389 gold pieces.
You spent 33 gold pieces at shops.

Inventory:

Hand Weapons
 a - a +0 flail
 i - a +5 whip of electrocution (weapon)
Missiles
 g - 2 throwing nets (quivered)
Armour
 b - a +0 scale mail
 c - a +1 kite shield (worn)
 h - a +0 plate armour (melded)
 j - a +0 helmet (melded)
 q - +0 acid dragon scales
 t - a +0 pair of gloves (melded)
Jewellery
 f - a ring of protection from cold
 l - a +6 ring of strength (left branch)
 s - a +6 ring of strength (right branch)
Wands
 k - a wand of digging (3)
Scrolls
 e - 5 scrolls of teleportation
 o - a scroll of summoning
 v - a scroll of fog
 x - a scroll of blinking
Potions
 d - a potion of resistance
 m - a potion of degeneration
 p - a potion of lignification
 r - a potion of cancellation
 u - a potion of mutation


   Skills:
 - Level 3.6 Fighting
 - Level 2.0 Maces & Flails
 - Level 3.6 Armour
 + Level 12.0 Shields
 * Level 5.2 Summonings


You had 8 spell levels left.
You didn't know any spells.
Your spell library contained the following spells:

 Spells                   Type           Power      Damage    Failure   Level
 Freeze                   Ice            0%         1d3       43%         1
 Summon Guardian Golem    Hex/Summ       6%         N/A       45%         3
 Wereblood                Tmut           0%         N/A       58%         2
 Dazzling Flash           Conj/Hex       0%         N/A       82%         3
 Frozen Ramparts          Ice            0%         1d2       82%         3
 Gell's Gravitas          Tloc           0%         N/A       82%         3
 Lesser Beckoning         Tloc           0%         N/A       82%         3
 Teleport Other           Tloc           0%         N/A       82%         3
 Summon Ice Beast         Ice/Summ       6%         N/A       86%         4
 Hailstorm                Conj/Ice       0%         3d3       99%         4
 Ice Form                 Ice/Tmut       0%         N/A       99%         4
 Iskenderun's Mystic Bla  Conj/Tloc      0%         2d3       99%         4
 Dispersal                Tloc           0%         N/A       100%        6
 Starburst                Conj/Fire      0%         6d3       100%        6
 Orb of Destruction       Conj           0%         N/A       100%        7
 Spellforged Servitor     Conj/Summ      3%         N/A       100%        7
 Summon Hydra             Summ           6%         N/A       100%        7
 Sublimation of Blood     Necr           Unusable   N/A       N/A         2

Dungeon Overview and Level Annotations

Branches:
Dungeon (7/15)             Temple (1/1) D:4

Altars:
Ashenzari
Cheibriados
Dithmenos
Elyvilon
Fedhas
Kikubaaqudgha
Nemelex Xobeh
Okawaru
Qazlal
Sif Muna
Trog
Vehumet
Wu Jian
Xom
Zin
The Shining One

Shops:
D:1 !

Annotations:
D:4 2 transporters, safid's ghost, amateur HOFi
D:7 Maggie


Innate Abilities, Weirdness & Mutations

You are a tree.
Your roots penetrate the ground, keeping you stationary.
You cannot be teleported.
You are immune to unholy pain and torment.
Your maximum health is greatly increased.
Your equipment is partially melded.
You are immune to sickness and miasma.
((Your stone body is resilient. (AC +6)))
You are immune to poison.
You resist negative energy. (rN+)
((You are resistant to electric shocks. (rElec)))
You are resistant to unholy torment.
You are immune to petrification.


Message History

Maggie gestures wildly while chanting.
Maggie attempts to bespell you!
You are mesmerised by Maggie!
You feel better.
Maggie says, "How do the people who live here stand the isolation?"
Maggie mumbles some strange words.
Maggie draws you further into her thrall.
You feel protected. Maggie casts a spell at you. The bolt of fire hits you.
You resist.
You whack Maggie!
Maggie is moderately wounded.
You block Maggie's attack.
Unknown command.
Okay, then.
You closely miss Maggie.
Maggie is moderately wounded.
Maggie hits you but does no damage.
Your shield and plate armour prevent you from hitting Maggie.
Maggie is moderately wounded.
You block Maggie's attack.
You hit Maggie.
Maggie is moderately wounded.
You block Maggie's attack.
You closely miss Maggie.
Maggie is moderately wounded.
Maggie says, "Leave now, and tell all of Margery's mercy!"
Maggie hits you with a +0 scimitar of distortion.
* * * LOW HITPOINT WARNING * * *
Space bends around you.
* * * LOW HITPOINT WARNING * * *
Okay, then.
Okay, then.
Really quaff the potion of lignification?
You turn into a tree.
Your +0 helmet melds into your body.
Your +0 pair of gloves melds into your body.
Your +0 plate armour melds into your body.
Your roots penetrate the ground.
Maggie hits you but does no damage. Space warps horribly around you!!
You die...

.#.....#.#..#
#.#
#.....#.#..#
#.# ###+#.#
#..# #.# #.#
#..# #.# #..
#..# #.# #..#
#.# .... #.#
#
##.##.#.##.#
........♣@.#
.#....#.####
####.#.# .
..# ##.#.#
#####


You could see Maggie (mesmerising).

Vanquished Creatures
  Sigmund (D:2)
  A wyvern (D:7)
  A steam dragon (D:6)
  An acid dragon (D:5)
  Duvessa (D:5)
  2 orc warriors
  A sky beast (D:6)
  An ice beast (D:5)
  A necrophage (D:4)
  2 ogres
  2 phantoms
  A kobold brigand (D:6)
  Dowan (D:5)
  3 scorpions
  A centaur zombie (D:6)
  2 orc priests
  A hound (D:5)
  3 gnoll shamans
  4 iguanas
  An orc wizard (D:7)
  A hound skeleton (D:4)
  2 howler monkey zombies (D:6)
  Robin (D:2)
  7 adders
  18 gnolls
  A shadow imp (D:6)
  A white imp (D:6)
  An ufetubus (D:7)
  An adder skeleton (D:4)
  2 worms (D:3)
  2 dart slugs (D:2)
  15 orcs
  6 ball pythons
  6 endoplasms
  3 giant cockroaches
  16 goblins
  13 hobgoblins
  4 jackals (D:4)
  9 kobolds
  3 quokkas
  4 bats
  A frilled lizard (D:3)
  2 rats (D:1)
150 creatures vanquished.

Vanquished Creatures (others)
  8 plants
8 creatures vanquished.

Grand Total: 158 creatures vanquished

Notes
Turn   | Place    | Note
-------+----------+-------------------------------------------
     0 | D:1      | zeram the Gargoyle Fighter began the quest for the Orb.
     0 | D:1      | Reached XP level 1. HP: 14/14 MP: 1/1
   113 | D:1      | Reached XP level 2. HP: 18/19 MP: 2/2
   500 | D:1      | Found Kikahelu's Distillery.
   508 | D:1      | Bought a potion of curing for 33 gold pieces
   893 | D:2      | Noticed Robin
   913 | D:1      | Reached XP level 3. HP: 17/23 MP: 3/3
  1048 | D:2      | Killed Robin
  1049 | D:2      | Reached skill level 4 in Shields
  1062 | D:2      | Reached skill level 1 in Summonings
  1204 | D:2      | Reached XP level 4. HP: 28/28 MP: 4/4
  1242 | D:2      | Noticed Sigmund
  1437 | D:2      | Killed Sigmund
  1438 | D:2      | Reached skill level 5 in Shields
  1438 | D:2      | Reached XP level 5. HP: 32/32 MP: 5/5
  1438 | D:2      | Reached XP level 6. HP: 37/37 MP: 6/6
  1862 | D:2      | Reached skill level 6 in Shields
  3963 | D:3      | Reached skill level 7 in Shields
  3963 | D:3      | Reached XP level 7. HP: 24/41 MP: 7/7
  4652 | D:4      | Found a transporter.
  4781 | D:4      | Found a transporter.
  4784 | D:4      | Noticed safid's ghost (amateur HOFi)
  4820 | D:4      | Reached skill level 8 in Shields
  5124 | D:4      | Found a broken altar of Ashenzari.
  5154 | D:4      | Reached XP level 8. HP: 47/47 MP: 8/8
  5337 | D:4      | Found a bloodstained altar of Trog.
  5453 | D:4      | Found an ornate altar of the Wu Jian Council.
  5497 | D:4      | Found a staircase to the Ecumenical Temple.
  5561 | D:4      | Reached skill level 9 in Shields
  5598 | Temple   | Entered the Ecumenical Temple
  5701 | Temple   | Became a worshipper of Dithmenos the Shadowed
  5738 | D:5      | Entered Level 5 of the Dungeon
  5771 | D:5      | Noticed Duvessa
  5771 | D:5      | Noticed Dowan
  5789 | D:5      | Killed Duvessa
  5793 | D:5      | Killed Dowan
  6146 | D:5      | Reached skill level 10 in Shields
  6508 | D:6      | Found an ancient bone altar of Kikubaaqudgha.
  6680 | D:6      | Found a white marble altar of Elyvilon.
  6701 | D:6      | Reached * piety under Dithmenos
  6799 | D:6      | Reached XP level 9. HP: 51/51 MP: 9/9
  6830 | D:6      | Reached skill level 11 in Shields
  7151 | D:6      | Reached skill level 5 in Summonings
  7985 | D:7      | Reached skill level 12 in Shields
  8252 | D:7      | Noticed Maggie
  8263 | D:7      | Mangled by Maggie

Illustrated notes

Levels and vault maps discovered:
D:1:      shiori_arrival_oz, layout_basic, serial_shops, shop,
          minmay_crystal_water, minmay_misc_feat_alley
D:2:      layout_loops_cross, uniq_sigmund, uniq_robin
D:3:      layout_basic
D:4:      layout_loops_ring, mainiacjoe_overflow_alcove_1, ashenzari_altar_1,
          nicolae_wu_jian_immortal_techniques,
          minmay_temple_entry_enclosed_plants, gammafunk_ghost_gnarly_gnolls,
          minmay_starry_boxes
D:5:      corexii_shack_village, layout_basic, minmay_puff, uniq_duvessa
D:6:      layout_basic, amcnicky_altar_gilded, kennysheep_little_box,
          hangedman_abyss_or_decor_passed
D:7:      layout_basic, mainiacjoe_overflow_two_lobes, uniq_maggie
Temple:   jpeg_temple_clearing

Skill      XL: |  1  2  3  4  5  6  7  8  9 |
---------------+----------------------------+-----
Shields        | 4 5 7 8 10 12 | 12.0
Summonings     | 1 2 3 4 5 |  5.2
Fighting       | |  3.6
Maces & Flails | |  2.0
Armour         | |  3.6

Action                   |  1- 3 |  4- 6 |  7- 9 || total
-------------------------+-------+-------+-------++-------
Melee: Flail             |   127 |   130 |       ||   257
       Whip              |       |    43 |   306 ||   349
  Use: Potion            |       |     3 |     6 ||     9
       Scroll            |       |     6 |    11 ||    17
Armor: Scale mail        |    83 |   112 |     4 ||   199
       Plate armour      |       |       |   136 ||   136
       Skin              |       |       |     1 ||     1
Dodge: Dodged            |    64 |    58 |    53 ||   175
Block: Kite shield       |    88 |   106 |   181 ||   375
